 Dungeon Crawl Stone Soup version 0.20.0-15-g7f486f2 (webtiles) character file.

682 Gargoyl the Chopper (level 7, 0/90 HPs)
             Began as a Yellow Draconian Abyssal Knight on June 14, 2017.
             Was a Priest of Lugonu.
             Slain by a hippogriff (1 damage)
             ... on level 5 of the Dungeon.
             The game lasted 00:11:59 (6070 turns).

Gargoyl the Chopper (DrAK)                          Turns: 6070, Time: 00:11:59

Health: 0/90       AC: 23    Str: 14    XL:     7   Next: 34%
Magic:  9/10       EV:  2    Int: 14    God:    Lugonu [***...]
Gold:   227        SH:  0    Dex: 13    Spells: 6/6 levels left

rFire    . . .     SeeInvis .   v - +0 hand axe (elec)
rCold    . . .     Gourm    .   (no shield)
rNeg     + + +     Faith    .   (armour unavailable)
rPois    +         Spirit   .   (helmet currently unavailable)
rElec    .         Reflect  .   (cloak currently unavailable)
rCorr    .         Harm     .   (gloves currently unavailable)
MR       .....     NoTele   +   (boots currently unavailable)
Stlth    ++........             (no amulet)
Regen    0.3/turn               (no ring)
MPRegen  0.2/turn               (no ring)

@: short of breath, tree-form
A: (spit acid), (acid resistance), unfitting armour, clever 1, sense
surroundings 1, AC +6
a: Depart the Abyss, Bend Space, Banish, Renounce Religion


You were on level 5 of the Dungeon.
You worshipped Lugonu.
Lugonu was most pleased with you.
You were not hungry.
You were a tree.
You visited 1 branch of the dungeon, and saw 5 of its levels.
You visited the Abyss 1 time.

You collected 227 gold pieces.

Inventory:

Hand Weapons
 a - a +1 hand axe
 v - a +0 hand axe of electrocution (weapon)
Missiles
 g - 13 tomahawks (quivered)
Armour
 h - a scarf of repulsion (melded)
 q - a +0 cloak
Jewellery
 r - a cursed ring of ice {unknown}
 x - a +5 amulet of reflection {unknown}
Wands
 n - a wand of random effects (27/48)
Scrolls
 d - 4 scrolls of teleportation
 k - a scroll of enchant armour {unknown}
 u - 3 scrolls of remove curse
 w - a scroll of magic mapping {unknown}
Potions
 j - 2 potions of agility {unknown}
 l - a potion of cancellation {unknown}
 p - a potion of invisibility {unknown}
 t - a potion of degeneration {unknown}
Books
 e - a book of Geomancy

   Spells                             Type                      Level
   a - Sandblast                      Earth                        1
   b - Passwall                       Transmutation/Earth          2
   c - Stone Arrow                    Conjuration/Earth            3
   d - Petrify                        Transmutation/Earth          4
   e - Lee's Rapid Deconstruction     Earth                        5
Comestibles
 b - 5 bread rations
 c - 3 meat rations
 i - 10 fruits
 m - 4 royal jellies
 s - 2 chunks of flesh


   Skills:
 + Level 4.6 Fighting
 + Level 4.8 Axes
 * Level 4.1 Dodging
 * Level 2.8 Stealth
 * Level 4.0 Invocations


You had 6 spell levels left.
You didn't know any spells.

Dungeon Overview and Level Annotations

Branches:
Dungeon (5/15)             Temple (0/1) D:5

Altars:

Shops:
D:5 %


Innate Abilities, Weirdness & Mutations

((You can spit globs of acid.))
((You are resistant to acid.))
((Your golden yellow scales are hard. (AC +6)))
You cannot fit into any form of body armour.
((You are cold-blooded and may be slowed by cold attacks.))
((You have very sharp teeth.))
Your mind is acute. (Int +2)
((Your flesh is cold resistant. (rC+)))
You passively map a small area around you.
((You are resistant to electric shocks. (rElec)))


Message History

You hit the hippogriff.
The hippogriff is severely wounded.
You closely miss the hound. The hound bites you but does no damage.
The hippogriff bites you but does no damage.
The hippogriff pecks you but does no damage.
The hippogriff claws you but does no damage.
The hound barely misses you.
You hit the hippogriff.
The hippogriff is severely wounded.
You hit the hound. Lightning courses through the hound!
You kill the hound!
Lugonu accepts your kill.
The hippogriff bites you but does no damage.
The hippogriff pecks you but does no damage.
The hippogriff claws you.
* * * LOW HITPOINT WARNING * * *
You hit the hippogriff.
The hippogriff is severely wounded.
The hippogriff bites you.
You die...

, , , #.# * .. ## #.# *
.%...# #.#
...>#########.#
#.#.##........# , **
###.#.##.#####..# , . ,
........# #..#
*#..###.#....#####..#####
#.....H♣........().....÷
*##.###†..........#######
* ######.###.## ,
####.∩.#...###### , ,,
#........#......#
#.##...#...####.#
.......###.## #.# *
###.##### #.# #.# * * #,*
#.# #.##


You could see a hippogriff.

Vanquished Creatures
  An ogre (D:5)
  A howler monkey (D:5)
  A crimson imp (D:5)
  The ghost of Serafim the Ruffian, a weakling VSTm (D:3)
  2 hounds
  A quasit (D:5)
  An orc priest (D:5)
  An orc wizard (D:3)
  A bullfrog skeleton (D:5)
  Ijyb (D:4)
  2 worker ants (D:5)
  A hound skeleton (D:4)
  4 gnolls (D:5)
  3 adders
  A shadow imp (D:5)
  7 worms
  6 dart slugs
  3 leopard geckos
  13 orcs
  5 bats
  3 giant cockroaches
  15 goblins
  9 hobgoblins
  7 jackals
  11 kobolds
  A quokka (D:2)
  7 frilled lizards
  A leopard gecko skeleton (D:4)
  A quokka skeleton (D:4)
  9 rats
120 creatures vanquished.

Notes
Turn   | Place    | Note
-------+----------+-------------------------------------------
     0 | Abyss:1  | Gargoyl the Draconian Abyssal Knight began the quest for the Orb.
     0 | Abyss:1  | Reached XP level 1. HP: 19/19 MP: 2/2
    85 | Abyss:1  | Found a corrupted altar of Lugonu.
    86 | Abyss:1  | Found a corrupted altar of Lugonu.
   135 | Abyss:1  | Noticed a wretched star
   190 | Abyss:2  | Noticed a ynoxinul
   191 | Abyss:2  | Noticed a wretched star
   193 | Abyss:2  | Noticed a quasit
   196 | D:1      | Escaped the Abyss
   417 | D:1      | Reached * piety under Lugonu
   535 | D:1      | Reached XP level 2. HP: 19/26 MP: 2/2
   924 | D:1      | Reached XP level 3. HP: 31/33 MP: 3/3
  1721 | D:2      | HP: 1/33 [worm (9)]
  1775 | D:1      | Reached ** piety under Lugonu
  2126 | D:2      | Reached XP level 4. HP: 35/40 MP: 3/4
  2810 | D:3      | Reached skill level 1 in Stealth
  2995 | D:3      | Gained mutation: Your mind is acute. (Int +2) [potion of mutation]
  2995 | D:3      | Gained mutation: You passively map a small area around you. [potion of mutation]
  2995 | D:3      | Gained mutation: Your mind is very acute. (Int +4) [potion of mutation]
  2996 | D:3      | Lost mutation: Your mind is very acute. (Int +4) [potion of mutation]
  2996 | D:3      | Gained mutation: You have very sharp teeth. [potion of mutation]
  2996 | D:3      | Gained mutation: Your flesh is cold resistant. (rC+) [potion of mutation]
  2996 | D:3      | Gained mutation: You are resistant to electric shocks. (rElec) [potion of mutation]
  3140 | D:3      | Reached XP level 5. HP: 26/46 MP: 6/6
  3631 | D:3      | Noticed Serafim's ghost (weakling VSTm)
  3650 | D:3      | Killed Serafim's ghost
  3913 | D:4      | Noticed Ijyb
  3964 | D:4      | Killed Ijyb
  4457 | D:4      | Reached XP level 6. HP: 41/52 MP: 7/7
  5399 | D:5      | Entered Level 5 of the Dungeon
  5580 | D:5      | Reached *** piety under Lugonu
  5599 | D:5      | Found a staircase to the Ecumenical Temple.
  5702 | D:5      | Your scales start taking on a golden yellow colour.
  5702 | D:5      | Reached XP level 7. HP: 53/60 MP: 9/9
  6023 | D:5      | Found Dudaniv's Food Shop.
  6049 | D:5      | Noticed a hippogriff
  6066 | D:5      | HP: 1/60 [hippogriff (8)]
  6070 | D:5      | Slain by a hippogriff

Skill      XL: |  1  2  3  4  5  6  7 |
---------------+----------------------+-----
Dodging        | 3 4 |  4.1
Fighting       | 4 |  4.6
Stealth        | 1 2 |  2.8
Axes           | 3 4 |  4.8
Invocations    | 3 4 |  4.0

Action                   |  1- 3 |  4- 6 |  7- 9 || total
-------------------------+-------+-------+-------++-------
Melee: Hand axe          |   170 |   302 |    47 ||   519
       Tailslap          |    17 |    31 |     8 ||    56
       Bite              |       |    24 |       ||    24
Invok: Depart the Abyss  |     1 |       |       ||     1
 Abil: Breathe Acid      |       |       |     1 ||     1
  Use: Scroll            |     1 |     6 |       ||     7
       Potion            |       |     6 |     2 ||     8
 Stab: Sleeping          |       |     3 |       ||     3
  Eat: Chunk             |     4 |     5 |       ||     9
       Fruit             |       |    11 |       ||    11
Armor: Skin              |    55 |   100 |    26 ||   181
Dodge: Dodged            |   126 |   212 |    65 ||   403
       Deflected         |       |       |     1 ||     1
